 Dungeon Crawl Stone Soup version 0.19.1-1-g22dce08 (webtiles) character file.

318 ponk the Covert (level 6, -6/39 HPs)
             Began as an Octopode Assassin on Jan 17, 2017.
             Killed from afar by an orc wizard (9 damage)
             ... with a magic dart
             ... on level 3 of the Dungeon.
             The game lasted 00:08:16 (2685 turns).

ponk the Covert (Octopode Assassin)                 Turns: 2685, Time: 00:08:16

Health: -6/39      AC:  1    Str: 11    XL:     6   Next: 45%
Magic:  6/6        EV: 13    Int: 13    God:
Gold:   52         SH:  0    Dex: 15    Spells: 0 memorised, 5 levels left

rFire  . . .     SeeInvis .     a - +3 dagger
rCold  . . .     Gourm    .     (no shield)
rNeg   . . .     Faith    .     (helmet restricted)
rPois  .         Spirit   .     (no amulet)
rElec  .         Reflect  .     (no ring)
rCorr  .         Harm     .     (no ring)
MR     .....                    (no ring)
Stlth  ++++++....               (no ring)
                                (no ring)
                                (no ring)
                                (no ring)
                                (no ring)

@: no status effects
A: almost no armour, stealthy swim, amphibious, 8 rings, constrict 8, camouflage
1, gelatinous body 1
a: no special abilities


You were on level 3 of the Dungeon.
You were not hungry.

You visited 1 branch of the dungeon, and saw 3 of its levels.

You collected 52 gold pieces.

Inventory:

Hand Weapons
 a - a +3 dagger (weapon)
 b - a +0 blowgun
Missiles
 c - 44 poisoned needles
 d - 2 curare-tipped needles
 p - 2 throwing nets (quivered)
Wands
 l - a wand of teleportation (4/9)
Scrolls
 e - a scroll of fear {unknown}
 o - a scroll of noise {unknown}
 q - a scroll of teleportation
 r - a scroll of identify
Potions
 h - a potion of curing
 j - a potion of might
 m - a potion of lignification {unknown}
 n - 2 potions of brilliance {unknown}
Comestibles
 f - a bread ration
 g - a chunk of flesh
 i - a beef jerky
 s - a meat ration


   Skills:
 - Level 2.0 Fighting
 - Level 2.0 Short Blades
 - Level 2.0 Throwing
 - Level 1.0 Dodging
 + Level 10.4 Stealth


You had 5 spell levels left.
You didn't know any spells.

Dungeon Overview and Level Annotations

Branches:
Dungeon (3/15)

Altars:


Innate Abilities, Weirdness & Mutations

You cannot wear most types of armour.
You are very stealthy in the water. (Stealth+)
You are amphibious.
You can wear up to eight rings at the same time.
You can use your tentacles to constrict eight enemies at once.
Your skin changes colour to match your surroundings (Stealth+).
Your rubbery body absorbs attacks. (AC +1, EV +1)


Message History

The adder is severely wounded.
You constrict the adder.
You feel sick. The adder completely misses you.
You hit the adder.
You kill the adder!
The orc throws a stone.
The stone misses you.
The orc throws a stone.
The stone hits you.
* * * LOW HITPOINT WARNING * * *
You see here a stone.
* * * LOW HITPOINT WARNING * * *
You feel sick.
The orc wizard gestures wildly while chanting.
* * * LOW HITPOINT WARNING * * *
You feel sick.
You feel better. The orc hits you with a flail!
* * * LOW HITPOINT WARNING * * *
The orc wizard mumbles some strange words.
The orc wizard blinks!
The orc wizard gestures at you while chanting.
The magic dart hits you!
You die...

......# ... #.# #... #.....# #.#
#.# ###. #.....#... ##.# #.
#.....#.# ##..# #. #.......#
#####..## #. ###.....# ##.l...##
## . #.......######..##### #.
..##.##.##.o...)([#### #.
...........oo.@......### #.
..##.##.#ยง##########...#######.
........o.# ###..(......
##...#....####### ##########
#..#....#((..)o)# # ..
##.......###....... #...###...
.###### #.#.# #####o# #..#.# ..


You could see an orc wizard, 2 orcs and a leopard gecko (wandering).

Vanquished Creatures
  Sigmund (D:2)
  An orc wizard (D:3)
  Jessica (D:3)
  5 adders
  A worm (D:3)
  2 dart slugs (D:1)
  3 leopard geckos
  4 orcs (D:3)
  3 giant cockroaches
  3 goblins
  8 hobgoblins
  10 jackals
  A quokka (D:3)
  4 bats
  4 frilled lizards
  6 kobolds
  4 rats
61 creatures vanquished.

Vanquished Creatures (others)
  A plant (D:3)
1 creature vanquished.

Grand Total: 62 creatures vanquished

Notes
Turn   | Place    | Note
-------+----------+-------------------------------------------
     0 | D:1      | ponk the Octopode Assassin began the quest for the Orb.
     0 | D:1      | Reached XP level 1. HP: 14/14 MP: 1/1
   254 | D:1      | Reached skill level 6 in Stealth
   254 | D:1      | Reached XP level 2. HP: 19/19 MP: 2/2
   718 | D:1      | Reached XP level 3. HP: 24/24 MP: 3/3
   897 | D:2      | Reached skill level 7 in Stealth
   979 | D:2      | Noticed Sigmund
   981 | D:2      | Killed Sigmund
   981 | D:2      | Reached skill level 9 in Stealth
   981 | D:2      | Reached XP level 4. HP: 29/29 MP: 4/4
   981 | D:2      | Reached XP level 5. HP: 34/34 MP: 5/5
  1638 | D:3      | Noticed Jessica
  1645 | D:3      | Killed Jessica
  1645 | D:3      | Reached skill level 10 in Stealth
  1645 | D:3      | Reached XP level 6. HP: 39/39 MP: 6/6
  1995 | D:3      | Noticed an orc warrior
  2680 | D:3      | HP: 1/39 [poisoned by an adder]
  2685 | D:3      | Killed from afar by an orc wizard

Skill      XL: |  1  2  3  4  5 |
---------------+----------------+-----
Stealth        | 6 9 10 | 10.4
Fighting       | |  2.0
Short Blades   | |  2.0
Throwing       | |  2.0
Dodging        | |  1.0

Action                   |  1- 3 |  4- 6 || total
-------------------------+-------+-------++-------
Melee: Dagger            |    41 |    80 ||   121
       Constrict         |     8 |    19 ||    27
       Tentacles         |     4 |    13 ||    17
  Use: Scroll            |     7 |     1 ||     8
       Potion            |       |     2 ||     2
 Stab: Sleeping          |    12 |     9 ||    21
       Distracted        |       |     2 ||     2
  Eat: Chunk             |       |     6 ||     6
Armor: Skin              |     3 |     8 ||    11
Dodge: Dodged            |    16 |    53 ||    69
